Workbook

Sheet Perpetual
B3: i-Vertix Network Management System
B4: Pricelist January 2026
A8: i-Vertix IT Monitoring | B8: Price | C8: SKU | D8: Cat | E8: Software Maint. 1 Y | G8: Software Maint. 2 Y | I8: Software Maint. 3 Y | K8: Software Maint. 4 Y | M8: Cat
A9: Perpetual - CAPEX | E9: Price | F9: SKU | G9: Price | H9: SKU | I9: Price | J9: SKU | K9: Price | L9: SKU
A10: i-Vertix Monitoring 100 Hosts or 1.000 Services | B10: 3624 | C10: IV-MON-S100-CX | D10: C | E10: =B10*'standard values'!$C$2 -> 724.8 | F10: IV-MON-S100-M-1Y | G10: =ROUNDUP(E10*2*(1-'standard values'!$C$3),0) -> 1378 | H10: IV-MON-S100-M-2Y | I10: =ROUNDUP(E10*3*(1-'standard values'!$C$4),0) -> 2001 | J10: IV-MON-S100-M-3Y | K10: =ROUNDUP(E10*4*(1-'standard values'!$C$5),0) -> 2552 | L10: IV-MON-S100-M-4Y | M10: B
A11: i-Vertix Monitoring 250 Hosts or 2.500 Services | B11: 6272 | C11: IV-MON-M250-CX | D11: C | E11: =B11*'standard values'!$C$2 -> 1254.4 | F11: IV-MON-M250-M-1Y | G11: =ROUNDUP(E11*2*(1-'standard values'!$C$3),0) -> 2384 | H11: IV-MON-M250-M-2Y | I11: =ROUNDUP(E11*3*(1-'standard values'!$C$4),0) -> 3463 | J11: IV-MON-M250-M-3Y | K11: =ROUNDUP(E11*4*(1-'standard values'!$C$5),0) -> 4416 | L11: IV-MON-M250-M-4Y | M11: B
A12: i-Vertix Monitoring 500 Hosts or 5.000 Services | B12: 11463 | C12: IV-MON-L500-CX | D12: C | E12: =B12*'standard values'!$C$2 -> 2292.6 | F12: IV-MON-L500-M-1Y | G12: =ROUNDUP(E12*2*(1-'standard values'!$C$3),0) -> 4356 | H12: IV-MON-L500-M-2Y | I12: =ROUNDUP(E12*3*(1-'standard values'!$C$4),0) -> 6328 | J12: IV-MON-L500-M-3Y | K12: =ROUNDUP(E12*4*(1-'standard values'!$C$5),0) -> 8070 | L12: IV-MON-L500-M-4Y | M12: B
A13: i-Vertix Monitoring 750 Hosts or 7.500 Services | B13: 15681 | C13: IV-MON-L750-CX | D13: C | E13: =B13*'standard values'!$C$2 -> 3136.2 | F13: IV-MON-L750-M-1Y | G13: =ROUNDUP(E13*2*(1-'standard values'!$C$3),0) -> 5959 | H13: IV-MON-L750-M-2Y | I13: =ROUNDUP(E13*3*(1-'standard values'!$C$4),0) -> 8656 | J13: IV-MON-L750-M-3Y | K13: =ROUNDUP(E13*4*(1-'standard values'!$C$5),0) -> 11040 | L13: IV-MON-L750-M-4Y | M13: B
A14: i-Vertix Monitoring 1.000 Hosts or 10.000 Services | B14: 19466 | C14: IV-MON-ENT1k-CX | D14: C | E14: =B14*'standard values'!$C$2 -> 3893.2 | F14: IV-MON-ENT1k-M-1Y | G14: =ROUNDUP(E14*2*(1-'standard values'!$C$3),0) -> 7398 | H14: IV-MON-ENT1k-M-2Y | I14: =ROUNDUP(E14*3*(1-'standard values'!$C$4),0) -> 10746 | J14: IV-MON-ENT1k-M-3Y | K14: =ROUNDUP(E14*4*(1-'standard values'!$C$5),0) -> 13705 | L14: IV-MON-ENT1k-M-4Y | M14: B
A15: i-Vertix Monitoring 1.500 Hosts or 15.000 Services | B15: 25415 | C15: IV-MON-ENT1,5k-CX | D15: C | E15: =B15*'standard values'!$C$2 -> 5083 | F15: IV-MON-ENT1,5k-M-1Y | G15: =ROUNDUP(E15*2*(1-'standard values'!$C$3),0) -> 9658 | H15: IV-MON-ENT1,5k-M-2Y | I15: =ROUNDUP(E15*3*(1-'standard values'!$C$4),0) -> 14030 | J15: IV-MON-ENT1,5k-M-3Y | K15: =ROUNDUP(E15*4*(1-'standard values'!$C$5),0) -> 17893 | L15: IV-MON-ENT1,5k-M-4Y | M15: B
A16: i-Vertix Monitoring 2.500 Hosts or 25.000 Services | B16: 30822 | C16: IV-MON-ENT2k-CX | D16: C | E16: =B16*'standard values'!$C$2 -> 6164.4 | F16: IV-MON-ENT2k-M-1Y | G16: =ROUNDUP(E16*2*(1-'standard values'!$C$3),0) -> 11713 | H16: IV-MON-ENT2k-M-2Y | I16: =ROUNDUP(E16*3*(1-'standard values'!$C$4),0) -> 17014 | J16: IV-MON-ENT2k-M-3Y | K16: =ROUNDUP(E16*4*(1-'standard values'!$C$5),0) -> 21699 | L16: IV-MON-ENT2k-M-4Y | M16: B
A17: i-Vertix Monitoring 3.500 Hosts or 35.000 Services | B17: 38933 | C17: IV-MON-ENT3k-CX | D17: C | E17: =B17*'standard values'!$C$2 -> 7786.6 | F17: IV-MON-ENT3k-M-1Y | G17: =ROUNDUP(E17*2*(1-'standard values'!$C$3),0) -> 14795 | H17: IV-MON-ENT3k-M-2Y | I17: =ROUNDUP(E17*3*(1-'standard values'!$C$4),0) -> 21492 | J17: IV-MON-ENT3k-M-3Y | K17: =ROUNDUP(E17*4*(1-'standard values'!$C$5),0) -> 27409 | L17: IV-MON-ENT3k-M-4Y | M17: B
A18: i-Vertix Monitoring 5.000 Hosts or 50.000 Services | B18: 46775 | C18: IV-MON-ENT5k-CX | D18: C | E18: =B18*'standard values'!$C$2 -> 9355 | F18: IV-MON-ENT5k-M-1Y | G18: =ROUNDUP(E18*2*(1-'standard values'!$C$3),0) -> 17775 | H18: IV-MON-ENT5k-M-2Y | I18: =ROUNDUP(E18*3*(1-'standard values'!$C$4),0) -> 25820 | J18: IV-MON-ENT5k-M-3Y | K18: =ROUNDUP(E18*4*(1-'standard values'!$C$5),0) -> 32930 | L18: IV-MON-ENT5k-M-4Y | M18: B
A19: i-Vertix Monitoring 7.500 Hosts or 75.000 Services | B19: 58941 | C19: IV-MON-ENT7k-CX | D19: C | E19: =B19*'standard values'!$C$2 -> 11788.2 | F19: IV-MON-ENT7k-M-1Y | G19: =ROUNDUP(E19*2*(1-'standard values'!$C$3),0) -> 22398 | H19: IV-MON-ENT7k-M-2Y | I19: =ROUNDUP(E19*3*(1-'standard values'!$C$4),0) -> 32536 | J19: IV-MON-ENT7k-M-3Y | K19: =ROUNDUP(E19*4*(1-'standard values'!$C$5),0) -> 41495 | L19: IV-MON-ENT7k-M-4Y | M19: B
A20: i-Vertix Monitoring 10.000 Hosts or 100.000 Services | B20: 66512 | C20: IV-MON-ENT10k-CX | D20: C | E20: =B20*'standard values'!$C$2 -> 13302.4 | F20: IV-MON-ENT10k-M-1Y | G20: =ROUNDUP(E20*2*(1-'standard values'!$C$3),0) -> 25275 | H20: IV-MON-ENT10k-M-2Y | I20: =ROUNDUP(E20*3*(1-'standard values'!$C$4),0) -> 36715 | J20: IV-MON-ENT10k-M-3Y | K20: =ROUNDUP(E20*4*(1-'standard values'!$C$5),0) -> 46825 | L20: IV-MON-ENT10k-M-4Y | M20: B
A21: i-Vertix Monitoring additional 5.000 Hosts or 50.000 Services | B21: 16222 | C21: IV-MON-ADD-5k-CX | D21: C | E21: =B21*'standard values'!$C$2 -> 3244.4 | F21: IV-MON-ADD-5k-M-1Y | G21: =ROUNDUP(E21*2*(1-'standard values'!$C$3),0) -> 6165 | H21: IV-MON-ADD-5k-M-2Y | I21: =ROUNDUP(E21*3*(1-'standard values'!$C$4),0) -> 8955 | J21: IV-MON-ADD-5k-M-3Y | K21: =ROUNDUP(E21*4*(1-'standard values'!$C$5),0) -> 11421 | L21: IV-MON-ADD-5k-M-4Y | M21: B
... A25: i-Vertix Monitoring only Hardware Appliance Pro L * *** | B25: 3975 | C25: IV-POL-PROL-HW-CX | D25: C | E25: =B25*'standard values'!$C$2 -> 795 | F25: IV-POL-PROL-HW-M-1Y | G25: =ROUNDUP(E25*2*(1-'standard values'!$C$3),0) -> 1511 | H25: IV-POL-PROL-HW-M-2Y | I25: =ROUNDUP(E25*3*(1-'standard values'!$C$4),0) -> 2195 | J25: IV-POL-PROL-HW-M-3Y | K25: =ROUNDUP(E25*4*(1-'standard values'!$C$5),0) -> 2799 | L25: IV-POL-PROL-HW-M-4Y | M25: B
A27: i-Vertix Network Configuration Backup** | B27: Price | C27: SKU | D27: Cat | E27: =$E$8 -> Software Maint. 1 Y | G27: =$G$8 -> Software Maint. 2 Y | I27: =$I$8 -> Software Maint. 3 Y | K27: Software Maint. 4 Y | M27: Cat
A28: =A9 -> Perpetual - CAPEX | E28: Price | F28: SKU | G28: Price | H28: SKU | I28: Price | J28: SKU | K28: Price | L28: SKU
A29: i-Vertix Automatic Network Config Backup S (100 Device) | B29: 1956 | C29: IV-NCB-S100-CX | D29: C | E29: =B29*'standard values'!$C$2 -> 391.2 | F29: IV-NCB-S100-M-1Y | G29: =ROUNDUP(E29*2*(1-'standard values'!$C$3),0) -> 744 | H29: IV-NCB-S100-M-2Y | I29: =ROUNDUP(E29*3*(1-'standard values'!$C$4),0) -> 1080 | J29: IV-NCB-S100-M-3Y | K29: =ROUNDUP(E29*4*(1-'standard values'!$C$5),0) -> 1378 | L29: IV-NCB-S100-M-4Y | M29: B
A30: i-Vertix Automatic Network Config Backup M1 (250 Device) | B30: 2986 | C30: IV-NCB-M250-CX | D30: C | E30: =B30*'standard values'!$C$2 -> 597.2 | F30: IV-NCB-M250-M-1Y | G30: =ROUNDUP(E30*2*(1-'standard values'!$C$3),0) -> 1135 | H30: IV-NCB-M250-M-2Y | I30: =ROUNDUP(E30*3*(1-'standard values'!$C$4),0) -> 1649 | J30: IV-NCB-M250-M-3Y | K30: =ROUNDUP(E30*4*(1-'standard values'!$C$5),0) -> 2103 | L30: IV-NCB-M250-M-4Y | M30: B
A31: i-Vertix Automatic Network Config Backup M2 (500 Device) | B31: 4325 | C31: IV-NCB-M500-CX | D31: C | E31: =B31*'standard values'!$C$2 -> 865 | F31: IV-NCB-M500-M-1Y | G31: =ROUNDUP(E31*2*(1-'standard values'!$C$3),0) -> 1644 | H31: IV-NCB-M500-M-2Y | I31: =ROUNDUP(E31*3*(1-'standard values'!$C$4),0) -> 2388 | J31: IV-NCB-M500-M-3Y | K31: =ROUNDUP(E31*4*(1-'standard values'!$C$5),0) -> 3045 | L31: IV-NCB-M500-M-4Y | M31: B
A32: i-Vertix Automatic Network Config Backup L (1000 Device) | B32: 6179 | C32: IV-NCB-L1000-CX | D32: C | E32: =B32*'standard values'!$C$2 -> 1235.8 | F32: IV-NCB-L1000-M-1Y | G32: =ROUNDUP(E32*2*(1-'standard values'!$C$3),0) -> 2349 | H32: IV-NCB-L1000-M-2Y | I32: =ROUNDUP(E32*3*(1-'standard values'!$C$4),0) -> 3411 | J32: IV-NCB-L1000-M-3Y | K32: =ROUNDUP(E32*4*(1-'standard values'!$C$5),0) -> 4351 | L32: IV-NCB-L1000-M-4Y | M32: B
A33: i-Vertix Automatic Network Config Backup additional 500 Devices | B33: 2059 | C33: IV-NCB-ADD-500-CX | D33: C | E33: =B33*'standard values'!$C$2 -> 411.8 | F33: IV-NCB-ADD-500-M-1Y | G33: =ROUNDUP(E33*2*(1-'standard values'!$C$3),0) -> 783 | H33: IV-NCB-ADD-500-M-2Y | I33: =ROUNDUP(E33*3*(1-'standard values'!$C$4),0) -> 1137 | J33: IV-NCB-ADD-500-M-3Y | K33: =ROUNDUP(E33*4*(1-'standard values'!$C$5),0) -> 1450 | L33: IV-NCB-ADD-500-M-4Y | M33: B
A35: i-Vertix Monitoring Business Intelligence** | B35: Price | C35: SKU | D35: Cat | E35: =$E$8 -> Software Maint. 1 Y | G35: =$G$8 -> Software Maint. 2 Y | I35: =$I$8 -> Software Maint. 3 Y | K35: Software Maint. 4 Y | M35: Cat
A36: =A9 -> Perpetual - CAPEX | E36: Price | F36: SKU | G36: Price | H36: SKU | I36: Price | J36: SKU | K36: Price | L36: SKU
A37: i-Vertix Mon BI 100 Hosts or 1.000 Services | B37: 747 | C37: IV-MON-BI100-CX | D37: C | E37: =B37*'standard values'!$C$2 -> 149.4 | F37: IV-MON-BI100-M-1Y | G37: =ROUNDUP(E37*2*(1-'standard values'!$C$3),0) -> 284 | H37: IV-MON-BI100-M-2Y | I37: =ROUNDUP(E37*3*(1-'standard values'!$C$4),0) -> 413 | J37: IV-MON-BI100-M-3Y | K37: =ROUNDUP(E37*4*(1-'standard values'!$C$5),0) -> 526 | L37: IV-MON-BI100-M-4Y | M37: B
A38: i-Vertix Mon BI 250 Hosts or 2.500 Services | B38: 1293 | C38: IV-MON-BI250-CX | D38: C | E38: =B38*'standard values'!$C$2 -> 258.6 | F38: IV-MON-BI250-M-1Y | G38: =ROUNDUP(E38*2*(1-'standard values'!$C$3),0) -> 492 | H38: IV-MON-BI250-M-2Y | I38: =ROUNDUP(E38*3*(1-'standard values'!$C$4),0) -> 714 | J38: IV-MON-BI250-M-3Y | K38: =ROUNDUP(E38*4*(1-'standard values'!$C$5),0) -> 911 | L38: IV-MON-BI250-M-4Y | M38: B
A39: i-Vertix Mon BI 500 Hosts or 5.000 Services | B39: 2362 | C39: IV-MON-BI500-CX | D39: C | E39: =B39*'standard values'!$C$2 -> 472.4 | F39: IV-MON-BI500-M-1Y | G39: =ROUNDUP(E39*2*(1-'standard values'!$C$3),0) -> 898 | H39: IV-MON-BI500-M-2Y | I39: =ROUNDUP(E39*3*(1-'standard values'!$C$4),0) -> 1304 | J39: IV-MON-BI500-M-3Y | K39: =ROUNDUP(E39*4*(1-'standard values'!$C$5),0) -> 1663 | L39: IV-MON-BI500-M-4Y | M39: B
A40: i-Vertix Mon BI 750 Hosts or 7.500 Services | B40: 3232 | C40: IV-MON-BI750-CX | D40: C | E40: =B40*'standard values'!$C$2 -> 646.4 | F40: IV-MON-BI750-M-1Y | G40: =ROUNDUP(E40*2*(1-'standard values'!$C$3),0) -> 1229 | H40: IV-MON-BI750-M-2Y | I40: =ROUNDUP(E40*3*(1-'standard values'!$C$4),0) -> 1785 | J40: IV-MON-BI750-M-3Y | K40: =ROUNDUP(E40*4*(1-'standard values'!$C$5),0) -> 2276 | L40: IV-MON-BI750-M-4Y | M40: B
A41: i-Vertix Mon BI 1.000 Hosts or 10.000 Services | B41: 4011 | C41: IV-MON-BI1000-CX | D41: C | E41: =B41*'standard values'!$C$2 -> 802.2 | F41: IV-MON-BI1000-M-1Y | G41: =ROUNDUP(E41*2*(1-'standard values'!$C$3),0) -> 1525 | H41: IV-MON-BI1000-M-2Y | I41: =ROUNDUP(E41*3*(1-'standard values'!$C$4),0) -> 2215 | J41: IV-MON-BI1000-M-3Y | K41: =ROUNDUP(E41*4*(1-'standard values'!$C$5),0) -> 2824 | L41: IV-MON-BI1000-M-4Y | M41: B
A42: i-Vertix Mon BI 1.500 Hosts or 15.000 Services | B42: 5236 | C42: IV-MON-BI1500-CX | D42: C | E42: =B42*'standard values'!$C$2 -> 1047.2 | F42: IV-MON-BI1500-M-1Y | G42: =ROUNDUP(E42*2*(1-'standard values'!$C$3),0) -> 1990 | H42: IV-MON-BI1500-M-2Y | I42: =ROUNDUP(E42*3*(1-'standard values'!$C$4),0) -> 2891 | J42: IV-MON-BI1500-M-3Y | K42: =ROUNDUP(E42*4*(1-'standard values'!$C$5),0) -> 3687 | L42: IV-MON-BI1500-M-4Y | M42: B
A43: i-Vertix Mon BI 2.500 Hosts or 25.000 Services | B43: 6350 | C43: IV-MON-BI2500-CX | D43: C | E43: =B43*'standard values'!$C$2 -> 1270 | F43: IV-MON-BI2500-M-1Y | G43: =ROUNDUP(E43*2*(1-'standard values'!$C$3),0) -> 2413 | H43: IV-MON-BI2500-M-2Y | I43: =ROUNDUP(E43*3*(1-'standard values'!$C$4),0) -> 3506 | J43: IV-MON-BI2500-M-3Y | K43: =ROUNDUP(E43*4*(1-'standard values'!$C$5),0) -> 4471 | L43: IV-MON-BI2500-M-4Y | M43: B
A44: i-Vertix Mon BI 3.500 Hosts or 35.000 Services | B44: 8021 | C44: IV-MON-BI3500-CX | D44: C | E44: =B44*'standard values'!$C$2 -> 1604.2 | F44: IV-MON-BI3500-M-1Y | G44: =ROUNDUP(E44*2*(1-'standard values'!$C$3),0) -> 3048 | H44: IV-MON-BI3500-M-2Y | I44: =ROUNDUP(E44*3*(1-'standard values'!$C$4),0) -> 4428 | J44: IV-MON-BI3500-M-3Y | K44: =ROUNDUP(E44*4*(1-'standard values'!$C$5),0) -> 5647 | L44: IV-MON-BI3500-M-4Y | M44: B
A45: i-Vertix Mon BI 5.000 Hosts or 50.000 Services | B45: 9636 | C45: IV-MON-BI5000-CX | D45: C | E45: =B45*'standard values'!$C$2 -> 1927.2 | F45: IV-MON-BI5000-M-1Y | G45: =ROUNDUP(E45*2*(1-'standard values'!$C$3),0) -> 3662 | H45: IV-MON-BI5000-M-2Y | I45: =ROUNDUP(E45*3*(1-'standard values'!$C$4),0) -> 5320 | J45: IV-MON-BI5000-M-3Y | K45: =ROUNDUP(E45*4*(1-'standard values'!$C$5),0) -> 6784 | L45: IV-MON-BI5000-M-4Y | M45: B
A46: i-Vertix Mon BI 7.500 Hosts or 75.000 Services | B46: 12143 | C46: IV-MON-BI7500-CX | D46: C | E46: =B46*'standard values'!$C$2 -> 2428.6 | F46: IV-MON-BI7500-M-1Y | G46: =ROUNDUP(E46*2*(1-'standard values'!$C$3),0) -> 4615 | H46: IV-MON-BI7500-M-2Y | I46: =ROUNDUP(E46*3*(1-'standard values'!$C$4),0) -> 6703 | J46: IV-MON-BI7500-M-3Y | K46: =ROUNDUP(E46*4*(1-'standard values'!$C$5),0) -> 8549 | L46: IV-MON-BI7500-M-4Y | M46: B
A47: i-Vertix Mon BI 10.000 Hosts or 100.000 Services | B47: 13703 | C47: IV-MON-BI10000-CX | D47: C | E47: =B47*'standard values'!$C$2 -> 2740.6 | F47: IV-MON-BI10000-M-1Y | G47: =ROUNDUP(E47*2*(1-'standard values'!$C$3),0) -> 5208 | H47: IV-MON-BI10000-M-2Y | I47: =ROUNDUP(E47*3*(1-'standard values'!$C$4),0) -> 7565 | J47: IV-MON-BI10000-M-3Y | K47: =ROUNDUP(E47*4*(1-'standard values'!$C$5),0) -> 9647 | L47: IV-MON-BI10000-M-4Y | M47: B
A48: i-Vertix Mon BI additional 5.000 Hosts or 50.000 Services | B48: 3343 | C48: IV-MON-BI-ADD5000-CX | D48: C | E48: =B48*'standard values'!$C$2 -> 668.6 | F48: IV-MON-BI-ADD5000-M-1Y | G48: =ROUNDUP(E48*2*(1-'standard values'!$C$3),0) -> 1271 | H48: IV-MON-BI-ADD5000-M-2Y | I48: =ROUNDUP(E48*3*(1-'standard values'!$C$4),0) -> 1846 | J48: IV-MON-BI-ADD5000-M-3Y | K48: =ROUNDUP(E48*4*(1-'standard values'!$C$5),0) -> 2354 | L48: IV-MON-BI-ADD5000-M-4Y | M48: B
A50: i-Vertix Log&Data Management | B50: Price | C50: SKU | D50: Cat | E50: =$E$8 -> Software Maint. 1 Y | G50: =$G$8 -> Software Maint. 2 Y | I50: =$I$8 -> Software Maint. 3 Y | K50: Software Maint. 4 Y | M50: Cat
A51: =A9 -> Perpetual - CAPEX | E51: Price | F51: SKU | G51: Price | H51: SKU | I51: Price | J51: SKU | K51: Price | L51: SKU
A52: i-Vertix Log&Data Management Standard VM (1 Node + 2 Collector) | B52: 11139 | C52: IV-LOG-VM-1SRV-CX | D52: A | E52: =B52*'standard values'!$C$2 -> 2227.8 | F52: IV-LOG-VM-1SRV-M-1Y | G52: =ROUNDUP(E52*2*(1-'standard values'!$C$3),0) -> 4233 | H52: IV-LOG-VM-1SRV-M-2Y | I52: =ROUNDUP(E52*3*(1-'standard values'!$C$4),0) -> 6149 | J52: IV-LOG-VM-1SRV-M-3Y | K52: =ROUNDUP(E52*4*(1-'standard values'!$C$5),0) -> 7842 | L52: IV-LOG-VM-1SRV-M-4Y | M52: B
A53: i-Vertix Log&Data additional 1 Collector | B53: 785 | C53: IV-LOG-ILC-CX | D53: A | E53: =B53*'standard values'!$C$2 -> 157 | F53: IV-LOG-ILC-CX-M-1Y | G53: =ROUNDUP(E53*2*(1-'standard values'!$C$3),0) -> 299 | H53: IV-LOG-ILC-CX-M-2Y | I53: =ROUNDUP(E53*3*(1-'standard values'!$C$4),0) -> 434 | J53: IV-LOG-ILC-CX-M-3Y | K53: =ROUNDUP(E53*4*(1-'standard values'!$C$5),0) -> 553 | L53: IV-LOG-ILC-CX-M-4Y | M53: B
A54: i-Vertix Log&Data additional 5 Collectors | B54: 3407 | C54: IV-LOG-ILC-5-CX | D54: A | E54: =B54*'standard values'!$C$2 -> 681.4 | F54: IV-LOG-ILC-5-CX-M-1Y | G54: =ROUNDUP(E54*2*(1-'standard values'!$C$3),0) -> 1295 | H54: IV-LOG-ILC-5-CX-M-2Y | I54: =ROUNDUP(E54*3*(1-'standard values'!$C$4),0) -> 1881 | J54: IV-LOG-ILC-5-CX-M-3Y | K54: =ROUNDUP(E54*4*(1-'standard values'!$C$5),0) -> 2399 | L54: IV-LOG-ILC-5-CX-M-4Y | M54: B
A55: i-Vertix Log&Data Management Standard VM (25 Source + 1 Collector) | B55: 3244 | C55: IV-LOG-VM-25SRC-CX | D55: A | E55: =B55*'standard values'!$C$2 -> 648.8 | F55: IV-LOG-VM-25SRC-M-1Y | G55: =ROUNDUP(E55*2*(1-'standard values'!$C$3),0) -> 1233 | H55: IV-LOG-VM-25SRC-M-2Y | I55: =ROUNDUP(E55*3*(1-'standard values'!$C$4),0) -> 1791 | J55: IV-LOG-VM-25SRC-M-3Y | K55: =ROUNDUP(E55*4*(1-'standard values'!$C$5),0) -> 2284 | L55: IV-LOG-VM-25SRC-M-4Y | M55: B
A56: i-Vertix Log&Data Management Standard (25 Source + 1 Collector) NanoE2 | B56: 4542 | C56: IV-LOG-HW-25SRC-CX | D56: A | E56: =B56*'standard values'!$C$2 -> 908.4 | F56: IV-LOG-HW-25SRC-M-1Y | G56: =ROUNDUP(E56*2*(1-'standard values'!$C$3),0) -> 1726 | H56: IV-LOG-HW-25SRC-M-2Y | I56: =ROUNDUP(E56*3*(1-'standard values'!$C$4),0) -> 2508 | J56: IV-LOG-HW-25SRC-M-3Y | K56: =ROUNDUP(E56*4*(1-'standard values'!$C$5),0) -> 3198 | L56: IV-LOG-HW-25SRC-M-4Y | M56: B
A58: i-Vertix IT Asset Management | B58: Price | C58: SKU | D58: Cat | E58: =$E$8 -> Software Maint. 1 Y | G58: =$G$8 -> Software Maint. 2 Y | I58: =$I$8 -> Software Maint. 3 Y | K58: Software Maint. 4 Y | M58: Cat
A59: =A9 -> Perpetual - CAPEX | E59: Price | F59: SKU | G59: Price | H59: SKU | I59: Price | J59: SKU | K59: Price | L59: SKU
A60: i-Vertix Asset Management & Inventory S (1.000 IP) | B60: 2379 | C60: IV-ITAM-S-CX | D60: A | E60: =B60*'standard values'!$C$2 -> 475.8 | F60: IV-ITAM-S-M-1Y | G60: =ROUNDUP(E60*2*(1-'standard values'!$C$3),0) -> 905 | H60: IV-ITAM-S-M-2Y | I60: =ROUNDUP(E60*3*(1-'standard values'!$C$4),0) -> 1314 | J60: IV-ITAM-S-M-3Y | K60: =ROUNDUP(E60*4*(1-'standard values'!$C$5),0) -> 1675 | L60: IV-ITAM-S-M-4Y | M60: B
A61: i-Vertix Asset Management & Inventory M (2.500 IP) | B61: 5407 | C61: IV-ITAM-M-CX | D61: A | E61: =B61*'standard values'!$C$2 -> 1081.4 | F61: IV-ITAM-M-M-1Y | G61: =ROUNDUP(E61*2*(1-'standard values'!$C$3),0) -> 2055 | H61: IV-ITAM-M-M-2Y | I61: =ROUNDUP(E61*3*(1-'standard values'!$C$4),0) -> 2985 | J61: IV-ITAM-M-M-3Y | K61: =ROUNDUP(E61*4*(1-'standard values'!$C$5),0) -> 3807 | L61: IV-ITAM-M-M-4Y | M61: B
A62: i-Vertix Asset Management & Inventory L (5.000 IP) | B62: 10274 | C62: IV-ITAM-L-CX | D62: A | E62: =B62*'standard values'!$C$2 -> 2054.8 | F62: IV-ITAM-L-M-1Y | G62: =ROUNDUP(E62*2*(1-'standard values'!$C$3),0) -> 3905 | H62: IV-ITAM-L-M-2Y | I62: =ROUNDUP(E62*3*(1-'standard values'!$C$4),0) -> 5672 | J62: IV-ITAM-L-M-3Y | K62: =ROUNDUP(E62*4*(1-'standard values'!$C$5),0) -> 7233 | L62: IV-ITAM-L-M-4Y | M62: B
A63: i-Vertix Asset Management & Inventory XL (10.000 IP) | B63: 17844 | C63: IV-ITAM-XL-CX | D63: A | E63: =B63*'standard values'!$C$2 -> 3568.8 | F63: IV-ITAM-XL-M-1Y | G63: =ROUNDUP(E63*2*(1-'standard values'!$C$3),0) -> 6781 | H63: IV-ITAM-XL-M-2Y | I63: =ROUNDUP(E63*3*(1-'standard values'!$C$4),0) -> 9850 | J63: IV-ITAM-XL-M-3Y | K63: =ROUNDUP(E63*4*(1-'standard values'!$C$5),0) -> 12563 | L63: IV-ITAM-XL-M-4Y | M63: B
A64: i-Vertix Asset Management & Inventory additional 5.000 IP's | B64: 6813 | C64: IV-ITAM-ADD-5k-CX | D64: A | E64: =B64*'standard values'!$C$2 -> 1362.6 | F64: IV-ITAM-ADD-5k-M-1Y | G64: =ROUNDUP(E64*2*(1-'standard values'!$C$3),0) -> 2589 | H64: IV-ITAM-ADD-5k-M-2Y | I64: =ROUNDUP(E64*3*(1-'standard values'!$C$4),0) -> 3761 | J64: IV-ITAM-ADD-5k-M-3Y | K64: =ROUNDUP(E64*4*(1-'standard values'!$C$5),0) -> 4797 | L64: IV-ITAM-ADD-5k-M-4Y | M64: B
A65: i-Vertix Asset Helpdesk - 1 User | B65: 387 | C65: IV-ITAM-1U-CX | D65: A | E65: =B65*'standard values'!$C$2 -> 77.4 | F65: IV-ITAM-1U-CX-M-1Y | G65: =ROUNDUP(E65*2*(1-'standard values'!$C$3),0) -> 148 | H65: IV-ITAM-1U-CX-M-2Y | I65: =ROUNDUP(E65*3*(1-'standard values'!$C$4),0) -> 214 | J65: IV-ITAM-1U-CX-M-3Y | K65: =ROUNDUP(E65*4*(1-'standard values'!$C$5),0) -> 273 | L65: IV-ITAM-1U-CX-M-4Y | M65: B
A66: i-Vertix Asset Helpdesk - 5 User | B66: 1545 | C66: IV-ITAM-5U-CX | D66: A | E66: =B66*'standard values'!$C$2 -> 309 | F66: IV-ITAM-5U-CX-M-1Y | G66: =ROUNDUP(E66*2*(1-'standard values'!$C$3),0) -> 588 | H66: IV-ITAM-5U-CX-M-2Y | I66: =ROUNDUP(E66*3*(1-'standard values'!$C$4),0) -> 853 | J66: IV-ITAM-5U-CX-M-3Y | K66: =ROUNDUP(E66*4*(1-'standard values'!$C$5),0) -> 1088 | L66: IV-ITAM-5U-CX-M-4Y | M66: B
A67: i-Vertix Asset Helpdesk - 10 User | B67: 2704 | C67: IV-ITAM-10U-CX | D67: A | E67: =B67*'standard values'!$C$2 -> 540.8 | F67: IV-ITAM-10U-CX-M-1Y | G67: =ROUNDUP(E67*2*(1-'standard values'!$C$3),0) -> 1028 | H67: IV-ITAM-10U-CX-M-2Y | I67: =ROUNDUP(E67*3*(1-'standard values'!$C$4),0) -> 1493 | J67: IV-ITAM-10U-CX-M-3Y | K67: =ROUNDUP(E67*4*(1-'standard values'!$C$5),0) -> 1904 | L67: IV-ITAM-10U-CX-M-4Y | M67: B
A69: * Prices may vary. Please contact us for the current price
A70: ** only in combination with i-Vertix IT Monitoring
A71: *** minimum 2 year commitment needed

Sheet Subscription
B3: i-Vertix Network Management System
B4: =Perpetual!B4 -> Pricelist January 2026
A8: i-Vertix IT Monitoring | B8: 1 Year Subscription | D8: 2 Year Subscription | F8: 3 Year Subscription | H8: 4 Year Subscription | J8: 5 Year Subscription | L8: Cat
A9: Annual subscription - OPEX | B9: Price | C9: SKU | D9: Price | E9: SKU | F9: Price | G9: SKU | H9: Price | I9: SKU | J9: Price | K9: SKU
A10: =Perpetual!A10 -> i-Vertix Monitoring 100 Hosts or 1.000 Services | B10: =ROUNDUP((Perpetual!B10+2*Perpetual!E10)*(1+'standard values'!$C$6)/3,0) -> 1776 | C10: IV-MON-S100-OX-1Y | D10: =ROUNDUP(B10*2*(1-'standard values'!$C$7),0) -> 3446 | E10: IV-MON-S100-OX-2Y | F10: =ROUNDUP(B10*3*(1-'standard values'!$C$8),0) -> 5062 | G10: IV-MON-S100-OX-3Y | H10: =ROUNDUP(B10*4*(1-'standard values'!$C$9),0) -> 6536 | I10: IV-MON-S100-OX-4Y | J10: =ROUNDUP(B10*5*(1-'standard values'!$C$10),0) -> 7815 | K10: IV-MON-S100-OX-5Y | L10: C
A11: =Perpetual!A11 -> i-Vertix Monitoring 250 Hosts or 2.500 Services | B11: =ROUNDUP((Perpetual!B11+2*Perpetual!E11)*(1+'standard values'!$C$6)/3,0) -> 3074 | C11: IV-MON-M250-OX-1Y | D11: =ROUNDUP(B11*2*(1-'standard values'!$C$7),0) -> 5964 | E11: IV-MON-M250-OX-2Y | F11: =ROUNDUP(B11*3*(1-'standard values'!$C$8),0) -> 8761 | G11: IV-MON-M250-OX-3Y | H11: =ROUNDUP(B11*4*(1-'standard values'!$C$9),0) -> 11313 | I11: IV-MON-M250-OX-4Y | J11: =ROUNDUP(B11*5*(1-'standard values'!$C$10),0) -> 13526 | K11: IV-MON-M250-OX-5Y | L11: C
A12: =Perpetual!A12 -> i-Vertix Monitoring 500 Hosts or 5.000 Services | B12: =ROUNDUP((Perpetual!B12+2*Perpetual!E12)*(1+'standard values'!$C$6)/3,0) -> 5617 | C12: IV-MON-L500-OX-1Y | D12: =ROUNDUP(B12*2*(1-'standard values'!$C$7),0) -> 10897 | E12: IV-MON-L500-OX-2Y | F12: =ROUNDUP(B12*3*(1-'standard values'!$C$8),0) -> 16009 | G12: IV-MON-L500-OX-3Y | H12: =ROUNDUP(B12*4*(1-'standard values'!$C$9),0) -> 20671 | I12: IV-MON-L500-OX-4Y | J12: =ROUNDUP(B12*5*(1-'standard values'!$C$10),0) -> 24715 | K12: IV-MON-L500-OX-5Y | L12: C
A13: =Perpetual!A13 -> i-Vertix Monitoring 750 Hosts or 7.500 Services | B13: =ROUNDUP((Perpetual!B13+2*Perpetual!E13)*(1+'standard values'!$C$6)/3,0) -> 7684 | C13: IV-MON-L750-OX-1Y | D13: =ROUNDUP(B13*2*(1-'standard values'!$C$7),0) -> 14907 | E13: IV-MON-L750-OX-2Y | F13: =ROUNDUP(B13*3*(1-'standard values'!$C$8),0) -> 21900 | G13: IV-MON-L750-OX-3Y | H13: =ROUNDUP(B13*4*(1-'standard values'!$C$9),0) -> 28278 | I13: IV-MON-L750-OX-4Y | J13: =ROUNDUP(B13*5*(1-'standard values'!$C$10),0) -> 33810 | K13: IV-MON-L750-OX-5Y | L13: C
A14: =Perpetual!A14 -> i-Vertix Monitoring 1.000 Hosts or 10.000 Services | B14: =ROUNDUP((Perpetual!B14+2*Perpetual!E14)*(1+'standard values'!$C$6)/3,0) -> 9539 | C14: IV-MON-ENT1k-OX-1Y | D14: =ROUNDUP(B14*2*(1-'standard values'!$C$7),0) -> 18506 | E14: IV-MON-ENT1k-OX-2Y | F14: =ROUNDUP(B14*3*(1-'standard values'!$C$8),0) -> 27187 | G14: IV-MON-ENT1k-OX-3Y | H14: =ROUNDUP(B14*4*(1-'standard values'!$C$9),0) -> 35104 | I14: IV-MON-ENT1k-OX-4Y | J14: =ROUNDUP(B14*5*(1-'standard values'!$C$10),0) -> 41972 | K14: IV-MON-ENT1k-OX-5Y | L14: C
A15: =Perpetual!A15 -> i-Vertix Monitoring 1.500 Hosts or 15.000 Services | B15: =ROUNDUP((Perpetual!B15+2*Perpetual!E15)*(1+'standard values'!$C$6)/3,0) -> 12454 | C15: IV-MON-ENT1,5k-OX-1Y | D15: =ROUNDUP(B15*2*(1-'standard values'!$C$7),0) -> 24161 | E15: IV-MON-ENT1,5k-OX-2Y | F15: =ROUNDUP(B15*3*(1-'standard values'!$C$8),0) -> 35494 | G15: IV-MON-ENT1,5k-OX-3Y | H15: =ROUNDUP(B15*4*(1-'standard values'!$C$9),0) -> 45831 | I15: IV-MON-ENT1,5k-OX-4Y | J15: =ROUNDUP(B15*5*(1-'standard values'!$C$10),0) -> 54798 | K15: IV-MON-ENT1,5k-OX-5Y | L15: C
A16: =Perpetual!A16 -> i-Vertix Monitoring 2.500 Hosts or 25.000 Services | B16: =ROUNDUP((Perpetual!B16+2*Perpetual!E16)*(1+'standard values'!$C$6)/3,0) -> 15103 | C16: IV-MON-ENT2k-OX-1Y | D16: =ROUNDUP(B16*2*(1-'standard values'!$C$7),0) -> 29300 | E16: IV-MON-ENT2k-OX-2Y | F16: =ROUNDUP(B16*3*(1-'standard values'!$C$8),0) -> 43044 | G16: IV-MON-ENT2k-OX-3Y | H16: =ROUNDUP(B16*4*(1-'standard values'!$C$9),0) -> 55580 | I16: IV-MON-ENT2k-OX-4Y | J16: =ROUNDUP(B16*5*(1-'standard values'!$C$10),0) -> 66454 | K16: IV-MON-ENT2k-OX-5Y | L16: C
A17: =Perpetual!A17 -> i-Vertix Monitoring 3.500 Hosts or 35.000 Services | B17: =ROUNDUP((Perpetual!B17+2*Perpetual!E17)*(1+'standard values'!$C$6)/3,0) -> 19078 | C17: IV-MON-ENT3k-OX-1Y | D17: =ROUNDUP(B17*2*(1-'standard values'!$C$7),0) -> 37012 | E17: IV-MON-ENT2k-OX-3Y | F17: =ROUNDUP(B17*3*(1-'standard values'!$C$8),0) -> 54373 | G17: IV-MON-ENT3k-OX-3Y | H17: =ROUNDUP(B17*4*(1-'standard values'!$C$9),0) -> 70208 | I17: IV-MON-ENT3k-OX-4Y | J17: =ROUNDUP(B17*5*(1-'standard values'!$C$10),0) -> 83944 | K17: IV-MON-ENT3k-OX-5Y | L17: C
A18: =Perpetual!A18 -> i-Vertix Monitoring 5.000 Hosts or 50.000 Services | B18: =ROUNDUP((Perpetual!B18+2*Perpetual!E18)*(1+'standard values'!$C$6)/3,0) -> 22920 | C18: IV-MON-ENT5k-OX-1Y | D18: =ROUNDUP(B18*2*(1-'standard values'!$C$7),0) -> 44465 | E18: IV-MON-ENT5k-OX-2Y | F18: =ROUNDUP(B18*3*(1-'standard values'!$C$8),0) -> 65322 | G18: IV-MON-ENT5k-OX-3Y | H18: =ROUNDUP(B18*4*(1-'standard values'!$C$9),0) -> 84346 | I18: IV-MON-ENT5k-OX-4Y | J18: =ROUNDUP(B18*5*(1-'standard values'!$C$10),0) -> 100848 | K18: IV-MON-ENT5k-OX-5Y | L18: C
A19: =Perpetual!A19 -> i-Vertix Monitoring 7.500 Hosts or 75.000 Services | B19: =ROUNDUP((Perpetual!B19+2*Perpetual!E19)*(1+'standard values'!$C$6)/3,0) -> 28882 | C19: IV-MON-ENT7k-OX-1Y | D19: =ROUNDUP(B19*2*(1-'standard values'!$C$7),0) -> 56032 | E19: IV-MON-ENT7k-OX-2Y | F19: =ROUNDUP(B19*3*(1-'standard values'!$C$8),0) -> 82314 | G19: IV-MON-ENT7k-OX-3Y | H19: =ROUNDUP(B19*4*(1-'standard values'!$C$9),0) -> 106286 | I19: IV-MON-ENT7k-OX-4Y | J19: =ROUNDUP(B19*5*(1-'standard values'!$C$10),0) -> 127081 | K19: IV-MON-ENT7k-OX-5Y | L19: C
A20: =Perpetual!A20 -> i-Vertix Monitoring 10.000 Hosts or 100.000 Services | B20: =ROUNDUP((Perpetual!B20+2*Perpetual!E20)*(1+'standard values'!$C$6)/3,0) -> 32591 | C20: IV-MON-ENT10k-OX-1Y | D20: =ROUNDUP(B20*2*(1-'standard values'!$C$7),0) -> 63227 | E20: IV-MON-ENT10k-OX-2Y | F20: =ROUNDUP(B20*3*(1-'standard values'!$C$8),0) -> 92885 | G20: IV-MON-ENT10k-OX-3Y | H20: =ROUNDUP(B20*4*(1-'standard values'!$C$9),0) -> 119935 | I20: IV-MON-ENT10k-OX-4Y | J20: =ROUNDUP(B20*5*(1-'standard values'!$C$10),0) -> 143401 | K20: IV-MON-ENT10k-OX-5Y | L20: C
A21: =Perpetual!A21 -> i-Vertix Monitoring additional 5.000 Hosts or 50.000 Services | B21: =ROUNDUP((Perpetual!B21+2*Perpetual!E21)*(1+'standard values'!$C$6)/3,0) -> 7949 | C21: IV-MON-ADD-5k-OX-1Y | D21: =ROUNDUP(B21*2*(1-'standard values'!$C$7),0) -> 15422 | E21: IV-MON-ADD-5k-OX-2Y | F21: =ROUNDUP(B21*3*(1-'standard values'!$C$8),0) -> 22655 | G21: IV-MON-ADD-5k-OX-3Y | H21: =ROUNDUP(B21*4*(1-'standard values'!$C$9),0) -> 29253 | I21: IV-MON-ADD-5k-OX-4Y | J21: =ROUNDUP(B21*5*(1-'standard values'!$C$10),0) -> 34976 | K21: IV-MON-ADD-5k-OX-5Y | L21: C
... A25: =Perpetual!A25 -> i-Vertix Monitoring only Hardware Appliance Pro L * *** | B25: =ROUNDUP((Perpetual!B25+2*Perpetual!E25)*(1+'standard values'!$C$6)/3,0) -> 1948 | C25: IV-POL-PROL-HW-OX-1Y | D25: =ROUNDUP(B25*2*(1-'standard values'!$C$7),0) -> 3780 | E25: IV-POL-PROL-HW-OX-2Y | F25: =ROUNDUP(B25*3*(1-'standard values'!$C$8),0) -> 5552 | G25: IV-POL-PROL-HW-OX-3Y | H25: =ROUNDUP(B25*4*(1-'standard values'!$C$9),0) -> 7169 | I25: IV-POL-PROL-HW-OX-4Y | J25: =ROUNDUP(B25*5*(1-'standard values'!$C$10),0) -> 8572 | K25: IV-POL-PROL-HW-OX-5Y | L25: C
A27: =Perpetual!A27 -> i-Vertix Network Configuration Backup** | B27: =$B$8 -> 1 Year Subscription | D27: =$D$8 -> 2 Year Subscription | F27: =$F$8 -> 3 Year Subscription | H27: 4 Year Subscription | J27: 5 Year Subscription | L27: Cat
A28: =A9 -> Annual subscription - OPEX | B28: Price | C28: SKU | D28: Price | E28: SKU | F28: Price | G28: SKU | H28: Price | I28: SKU | J28: Price | K28: SKU
A29: =Perpetual!A29 -> i-Vertix Automatic Network Config Backup S (100 Device) | B29: =ROUNDUP((Perpetual!B29+2*Perpetual!E29)*(1+'standard values'!$C$6)/3,0) -> 959 | C29: IV-NCB-S100-OX-1Y | D29: =ROUNDUP(B29*2*(1-'standard values'!$C$7),0) -> 1861 | E29: IV-NCB-S100-OX-2Y | F29: =ROUNDUP(B29*3*(1-'standard values'!$C$8),0) -> 2734 | G29: IV-NCB-S100-OX-3Y | H29: =ROUNDUP(B29*4*(1-'standard values'!$C$9),0) -> 3530 | I29: IV-NCB-S100-OX-4Y | J29: =ROUNDUP(B29*5*(1-'standard values'!$C$10),0) -> 4220 | K29: IV-NCB-S100-OX-5Y | L29: C
A30: =Perpetual!A30 -> i-Vertix Automatic Network Config Backup M1 (250 Device) | B30: =ROUNDUP((Perpetual!B30+2*Perpetual!E30)*(1+'standard values'!$C$6)/3,0) -> 1464 | C30: IV-NCB-M250-OX-1Y | D30: =ROUNDUP(B30*2*(1-'standard values'!$C$7),0) -> 2841 | E30: IV-NCB-M250-OX-2Y | F30: =ROUNDUP(B30*3*(1-'standard values'!$C$8),0) -> 4173 | G30: IV-NCB-M250-OX-3Y | H30: =ROUNDUP(B30*4*(1-'standard values'!$C$9),0) -> 5388 | I30: IV-NCB-M250-OX-4Y | J30: =ROUNDUP(B30*5*(1-'standard values'!$C$10),0) -> 6442 | K30: IV-NCB-M250-OX-5Y | L30: C
A31: =Perpetual!A31 -> i-Vertix Automatic Network Config Backup M2 (500 Device) | B31: =ROUNDUP((Perpetual!B31+2*Perpetual!E31)*(1+'standard values'!$C$6)/3,0) -> 2120 | C31: IV-NCB-M500-OX-1Y | D31: =ROUNDUP(B31*2*(1-'standard values'!$C$7),0) -> 4113 | E31: IV-NCB-M500-OX-2Y | F31: =ROUNDUP(B31*3*(1-'standard values'!$C$8),0) -> 6042 | G31: IV-NCB-M500-OX-3Y | H31: =ROUNDUP(B31*4*(1-'standard values'!$C$9),0) -> 7802 | I31: IV-NCB-M500-OX-4Y | J31: =ROUNDUP(B31*5*(1-'standard values'!$C$10),0) -> 9328 | K31: IV-NCB-M500-OX-5Y | L31: C
A32: =Perpetual!A32 -> i-Vertix Automatic Network Config Backup L (1000 Device) | B32: =ROUNDUP((Perpetual!B32+2*Perpetual!E32)*(1+'standard values'!$C$6)/3,0) -> 3028 | C32: IV-NCB-L1000-OX-1Y | D32: =ROUNDUP(B32*2*(1-'standard values'!$C$7),0) -> 5875 | E32: IV-NCB-L1000-OX-2Y | F32: =ROUNDUP(B32*3*(1-'standard values'!$C$8),0) -> 8630 | G32: IV-NCB-L1000-OX-3Y | H32: =ROUNDUP(B32*4*(1-'standard values'!$C$9),0) -> 11144 | I32: IV-NCB-L1000-OX-4Y | J32: =ROUNDUP(B32*5*(1-'standard values'!$C$10),0) -> 13324 | K32: IV-NCB-L1000-OX-5Y | L32: C
A33: =Perpetual!A33 -> i-Vertix Automatic Network Config Backup additional 500 Devices | B33: =ROUNDUP((Perpetual!B33+2*Perpetual!E33)*(1+'standard values'!$C$6)/3,0) -> 1009 | C33: IV-NCB-ADD-500-OX-1Y | D33: =ROUNDUP(B33*2*(1-'standard values'!$C$7),0) -> 1958 | E33: IV-NCB-ADD-500-OX-2Y | F33: =ROUNDUP(B33*3*(1-'standard values'!$C$8),0) -> 2876 | G33: IV-NCB-ADD-500-OX-3Y | H33: =ROUNDUP(B33*4*(1-'standard values'!$C$9),0) -> 3714 | I33: IV-NCB-ADD-500-OX-4Y | J33: =ROUNDUP(B33*5*(1-'standard values'!$C$10),0) -> 4440 | K33: IV-NCB-ADD-500-OX-5Y | L33: C
A35: =Perpetual!A35 -> i-Vertix Monitoring Business Intelligence** | B35: =$B$8 -> 1 Year Subscription | D35: =$D$8 -> 2 Year Subscription | F35: =$F$8 -> 3 Year Subscription | H35: 4 Year Subscription | J35: 5 Year Subscription | L35: Cat
A36: =A9 -> Annual subscription - OPEX | B36: Price | C36: SKU | D36: Price | E36: SKU | F36: Price | G36: SKU | H36: Price | I36: SKU | J36: Price | K36: SKU
A37: =Perpetual!A37 -> i-Vertix Mon BI 100 Hosts or 1.000 Services | B37: =ROUNDUP((Perpetual!B37+2*Perpetual!E37)*(1+'standard values'!$C$6)/3,0) -> 367 | C37: IV-MON-BI100-OX-1Y | D37: =ROUNDUP(B37*2*(1-'standard values'!$C$7),0) -> 712 | E37: IV-MON-BI100-OX-2Y | F37: =ROUNDUP(B37*3*(1-'standard values'!$C$8),0) -> 1046 | G37: IV-MON-BI100-OX-3Y | H37: =ROUNDUP(B37*4*(1-'standard values'!$C$9),0) -> 1351 | I37: IV-MON-BI100-OX-4Y | J37: =ROUNDUP(B37*5*(1-'standard values'!$C$10),0) -> 1615 | K37: IV-MON-BI100-OX-5Y | L37: C
A38: =Perpetual!A38 -> i-Vertix Mon BI 250 Hosts or 2.500 Services | B38: =ROUNDUP((Perpetual!B38+2*Perpetual!E38)*(1+'standard values'!$C$6)/3,0) -> 634 | C38: IV-MON-BI250-OX-1Y | D38: =ROUNDUP(B38*2*(1-'standard values'!$C$7),0) -> 1230 | E38: IV-MON-BI250-OX-2Y | F38: =ROUNDUP(B38*3*(1-'standard values'!$C$8),0) -> 1807 | G38: IV-MON-BI250-OX-3Y | H38: =ROUNDUP(B38*4*(1-'standard values'!$C$9),0) -> 2334 | I38: IV-MON-BI250-OX-4Y | J38: =ROUNDUP(B38*5*(1-'standard values'!$C$10),0) -> 2790 | K38: IV-MON-BI250-OX-5Y | L38: C
A39: =Perpetual!A39 -> i-Vertix Mon BI 500 Hosts or 5.000 Services | B39: =ROUNDUP((Perpetual!B39+2*Perpetual!E39)*(1+'standard values'!$C$6)/3,0) -> 1158 | C39: IV-MON-BI500-OX-1Y | D39: =ROUNDUP(B39*2*(1-'standard values'!$C$7),0) -> 2247 | E39: IV-MON-BI500-OX-2Y | F39: =ROUNDUP(B39*3*(1-'standard values'!$C$8),0) -> 3301 | G39: IV-MON-BI500-OX-3Y | H39: =ROUNDUP(B39*4*(1-'standard values'!$C$9),0) -> 4262 | I39: IV-MON-BI500-OX-4Y | J39: =ROUNDUP(B39*5*(1-'standard values'!$C$10),0) -> 5096 | K39: IV-MON-BI500-OX-5Y | L39: C
A40: =Perpetual!A40 -> i-Vertix Mon BI 750 Hosts or 7.500 Services | B40: =ROUNDUP((Perpetual!B40+2*Perpetual!E40)*(1+'standard values'!$C$6)/3,0) -> 1584 | C40: IV-MON-BI750-OX-1Y | D40: =ROUNDUP(B40*2*(1-'standard values'!$C$7),0) -> 3073 | E40: IV-MON-BI750-OX-2Y | F40: =ROUNDUP(B40*3*(1-'standard values'!$C$8),0) -> 4515 | G40: IV-MON-BI750-OX-3Y | H40: =ROUNDUP(B40*4*(1-'standard values'!$C$9),0) -> 5830 | I40: IV-MON-BI750-OX-4Y | J40: =ROUNDUP(B40*5*(1-'standard values'!$C$10),0) -> 6970 | K40: IV-MON-BI750-OX-5Y | L40: C
A41: =Perpetual!A41 -> i-Vertix Mon BI 1.000 Hosts or 10.000 Services | B41: =ROUNDUP((Perpetual!B41+2*Perpetual!E41)*(1+'standard values'!$C$6)/3,0) -> 1966 | C41: IV-MON-BI1000-OX-1Y | D41: =ROUNDUP(B41*2*(1-'standard values'!$C$7),0) -> 3815 | E41: IV-MON-BI1000-OX-2Y | F41: =ROUNDUP(B41*3*(1-'standard values'!$C$8),0) -> 5604 | G41: IV-MON-BI1000-OX-3Y | H41: =ROUNDUP(B41*4*(1-'standard values'!$C$9),0) -> 7235 | I41: IV-MON-BI1000-OX-4Y | J41: =ROUNDUP(B41*5*(1-'standard values'!$C$10),0) -> 8651 | K41: IV-MON-BI1000-OX-5Y | L41: C
A42: =Perpetual!A42 -> i-Vertix Mon BI 1.500 Hosts or 15.000 Services | B42: =ROUNDUP((Perpetual!B42+2*Perpetual!E42)*(1+'standard values'!$C$6)/3,0) -> 2566 | C42: IV-MON-BI1500-OX-1Y | D42: =ROUNDUP(B42*2*(1-'standard values'!$C$7),0) -> 4979 | E42: IV-MON-BI1500-OX-2Y | F42: =ROUNDUP(B42*3*(1-'standard values'!$C$8),0) -> 7314 | G42: IV-MON-BI1500-OX-3Y | H42: =ROUNDUP(B42*4*(1-'standard values'!$C$9),0) -> 9443 | I42: IV-MON-BI1500-OX-4Y | J42: =ROUNDUP(B42*5*(1-'standard values'!$C$10),0) -> 11291 | K42: IV-MON-BI1500-OX-5Y | L42: C
A43: =Perpetual!A43 -> i-Vertix Mon BI 2.500 Hosts or 25.000 Services | B43: =ROUNDUP((Perpetual!B43+2*Perpetual!E43)*(1+'standard values'!$C$6)/3,0) -> 3112 | C43: IV-MON-BI2500-OX-1Y | D43: =ROUNDUP(B43*2*(1-'standard values'!$C$7),0) -> 6038 | E43: IV-MON-BI2500-OX-2Y | F43: =ROUNDUP(B43*3*(1-'standard values'!$C$8),0) -> 8870 | G43: IV-MON-BI2500-OX-3Y | H43: =ROUNDUP(B43*4*(1-'standard values'!$C$9),0) -> 11453 | I43: IV-MON-BI2500-OX-4Y | J43: =ROUNDUP(B43*5*(1-'standard values'!$C$10),0) -> 13693 | K43: IV-MON-BI2500-OX-5Y | L43: C
A44: =Perpetual!A44 -> i-Vertix Mon BI 3.500 Hosts or 35.000 Services | B44: =ROUNDUP((Perpetual!B44+2*Perpetual!E44)*(1+'standard values'!$C$6)/3,0) -> 3931 | C44: IV-MON-BI3500-OX-1Y | D44: =ROUNDUP(B44*2*(1-'standard values'!$C$7),0) -> 7627 | E44: IV-MON-BI3500-OX-2Y | F44: =ROUNDUP(B44*3*(1-'standard values'!$C$8),0) -> 11204 | G44: IV-MON-BI3500-OX-3Y | H44: =ROUNDUP(B44*4*(1-'standard values'!$C$9),0) -> 14467 | I44: IV-MON-BI3500-OX-4Y | J44: =ROUNDUP(B44*5*(1-'standard values'!$C$10),0) -> 17297 | K44: IV-MON-BI3500-OX-5Y | L44: C
A45: =Perpetual!A45 -> i-Vertix Mon BI 5.000 Hosts or 50.000 Services | B45: =ROUNDUP((Perpetual!B45+2*Perpetual!E45)*(1+'standard values'!$C$6)/3,0) -> 4722 | C45: IV-MON-BI5000-OX-1Y | D45: =ROUNDUP(B45*2*(1-'standard values'!$C$7),0) -> 9161 | E45: IV-MON-BI5000-OX-2Y | F45: =ROUNDUP(B45*3*(1-'standard values'!$C$8),0) -> 13458 | G45: IV-MON-BI5000-OX-3Y | H45: =ROUNDUP(B45*4*(1-'standard values'!$C$9),0) -> 17377 | I45: IV-MON-BI5000-OX-4Y | J45: =ROUNDUP(B45*5*(1-'standard values'!$C$10),0) -> 20777 | K45: IV-MON-BI5000-OX-5Y | L45: C
A46: =Perpetual!A46 -> i-Vertix Mon BI 7.500 Hosts or 75.000 Services | B46: =ROUNDUP((Perpetual!B46+2*Perpetual!E46)*(1+'standard values'!$C$6)/3,0) -> 5951 | C46: IV-MON-BI7500-OX-1Y | D46: =ROUNDUP(B46*2*(1-'standard values'!$C$7),0) -> 11545 | E46: IV-MON-BI7500-OX-2Y | F46: =ROUNDUP(B46*3*(1-'standard values'!$C$8),0) -> 16961 | G46: IV-MON-BI7500-OX-3Y | H46: =ROUNDUP(B46*4*(1-'standard values'!$C$9),0) -> 21900 | I46: IV-MON-BI7500-OX-4Y | J46: =ROUNDUP(B46*5*(1-'standard values'!$C$10),0) -> 26185 | K46: IV-MON-BI7500-OX-5Y | L46: C
A47: =Perpetual!A47 -> i-Vertix Mon BI 10.000 Hosts or 100.000 Services | B47: =ROUNDUP((Perpetual!B47+2*Perpetual!E47)*(1+'standard values'!$C$6)/3,0) -> 6715 | C47: IV-MON-BI10000-OX-1Y | D47: =ROUNDUP(B47*2*(1-'standard values'!$C$7),0) -> 13028 | E47: IV-MON-BI10000-OX-2Y | F47: =ROUNDUP(B47*3*(1-'standard values'!$C$8),0) -> 19138 | G47: IV-MON-BI10000-OX-3Y | H47: =ROUNDUP(B47*4*(1-'standard values'!$C$9),0) -> 24712 | I47: IV-MON-BI10000-OX-4Y | J47: =ROUNDUP(B47*5*(1-'standard values'!$C$10),0) -> 29546 | K47: IV-MON-BI10000-OX-5Y | L47: C
A48: =Perpetual!A48 -> i-Vertix Mon BI additional 5.000 Hosts or 50.000 Services | B48: =ROUNDUP((Perpetual!B48+2*Perpetual!E48)*(1+'standard values'!$C$6)/3,0) -> 1639 | C48: IV-MON-BI-ADD5000-OX-1Y | D48: =ROUNDUP(B48*2*(1-'standard values'!$C$7),0) -> 3180 | E48: IV-MON-BI-ADD5000-OX-2Y | F48: =ROUNDUP(B48*3*(1-'standard values'!$C$8),0) -> 4672 | G48: IV-MON-BI-ADD5000-OX-3Y | H48: =ROUNDUP(B48*4*(1-'standard values'!$C$9),0) -> 6032 | I48: IV-MON-BI-ADD5000-OX-4Y | J48: =ROUNDUP(B48*5*(1-'standard values'!$C$10),0) -> 7212 | K48: IV-MON-BI-ADD5000-OX-5Y | L48: C
A50: i-Vertix Log&Data Management | B50: =$B$8 -> 1 Year Subscription | D50: =$D$8 -> 2 Year Subscription | F50: =$F$8 -> 3 Year Subscription | H50: 4 Year Subscription | J50: 5 Year Subscription | L50: Cat
A51: =A9 -> Annual subscription - OPEX | B51: Price | C51: SKU | D51: Price | E51: SKU | F51: Price | G51: SKU | H51: Price | I51: SKU | J51: Price | K51: SKU
A52: =Perpetual!A52 -> i-Vertix Log&Data Management Standard VM (1 Node + 2 Collector) | B52: =ROUNDUP((Perpetual!B52+2*Perpetual!E52)*(1+'standard values'!$C$6)/3,0) -> 5459 | C52: IV-LOG-VM-1SRV-OX-1Y | D52: =ROUNDUP(B52*2*(1-'standard values'!$C$7),0) -> 10591 | E52: IV-LOG-VM-1SRV-OX-2Y | F52: =ROUNDUP(B52*3*(1-'standard values'!$C$8),0) -> 15559 | G52: IV-LOG-VM-1SRV-OX-3Y | H52: =ROUNDUP(B52*4*(1-'standard values'!$C$9),0) -> 20090 | I52: IV-LOG-VM-1SRV-OX-4Y | J52: =ROUNDUP(B52*5*(1-'standard values'!$C$10),0) -> 24020 | K52: IV-LOG-VM-1SRV-OX-5Y | L52: C
A53: =Perpetual!A53 -> i-Vertix Log&Data additional 1 Collector | B53: =ROUNDUP((Perpetual!B53+2*Perpetual!E53)*(1+'standard values'!$C$6)/3,0) -> 385 | C53: IV-LOG-ILC-OX-1Y | D53: =ROUNDUP(B53*2*(1-'standard values'!$C$7),0) -> 747 | E53: IV-LOG-ILC-OX-2Y | F53: =ROUNDUP(B53*3*(1-'standard values'!$C$8),0) -> 1098 | G53: IV-LOG-ILC-OX-3Y | H53: =ROUNDUP(B53*4*(1-'standard values'!$C$9),0) -> 1417 | I53: IV-LOG-ILC-OX-4Y | J53: =ROUNDUP(B53*5*(1-'standard values'!$C$10),0) -> 1694 | K53: IV-LOG-ILC-OX-5Y | L53: C
A54: =Perpetual!A54 -> i-Vertix Log&Data additional 5 Collectors | B54: =ROUNDUP((Perpetual!B54+2*Perpetual!E54)*(1+'standard values'!$C$6)/3,0) -> 1670 | C54: IV-LOG-ILC-5-OX-1Y | D54: =ROUNDUP(B54*2*(1-'standard values'!$C$7),0) -> 3240 | E54: IV-LOG-ILC-5-OX-2Y | F54: =ROUNDUP(B54*3*(1-'standard values'!$C$8),0) -> 4760 | G54: IV-LOG-ILC-5-OX-3Y | H54: =ROUNDUP(B54*4*(1-'standard values'!$C$9),0) -> 6146 | I54: IV-LOG-ILC-5-OX-4Y | J54: =ROUNDUP(B54*5*(1-'standard values'!$C$10),0) -> 7348 | K54: IV-LOG-ILC-5-OX-5Y | L54: C
A55: =Perpetual!A55 -> i-Vertix Log&Data Management Standard VM (25 Source + 1 Collector) | B55: =ROUNDUP((Perpetual!B55+2*Perpetual!E55)*(1+'standard values'!$C$6)/3,0) -> 1590 | C55: IV-LOG-VM-25SRC-OX-1Y | D55: =ROUNDUP(B55*2*(1-'standard values'!$C$7),0) -> 3085 | E55: IV-LOG-VM-25SRC-OX-2Y | F55: =ROUNDUP(B55*3*(1-'standard values'!$C$8),0) -> 4532 | G55: IV-LOG-VM-25SRC-OX-3Y | H55: =ROUNDUP(B55*4*(1-'standard values'!$C$9),0) -> 5852 | I55: IV-LOG-VM-25SRC-OX-4Y | J55: =ROUNDUP(B55*5*(1-'standard values'!$C$10),0) -> 6996 | K55: IV-LOG-VM-25SRC-OX-5Y | L55: C
A56: =Perpetual!A56 -> i-Vertix Log&Data Management Standard (25 Source + 1 Collector) NanoE2 | B56: =ROUNDUP((Perpetual!B56+2*Perpetual!E56)*(1+'standard values'!$C$6)/3,0) -> 2226 | C56: IV-LOG-HW-25SRC-OX-1Y | D56: =ROUNDUP(B56*2*(1-'standard values'!$C$7),0) -> 4319 | E56: IV-LOG-HW-25SRC-OX-2Y | F56: =ROUNDUP(B56*3*(1-'standard values'!$C$8),0) -> 6345 | G56: IV-LOG-HW-25SRC-OX-3Y | H56: =ROUNDUP(B56*4*(1-'standard values'!$C$9),0) -> 8192 | I56: IV-LOG-HW-25SRC-OX-4Y | J56: =ROUNDUP(B56*5*(1-'standard values'!$C$10),0) -> 9795 | K56: IV-LOG-HW-25SRC-OX-5Y | L56: C
A57: i-Vertix Log&Data Upgrade Platinum VM (1 Node - min. 3 Nodes) | B57: please ask | C57: IV-LOG-SUB-XP-1Y | D57: please ask | E57: IV-LOG-SUB-XP-2Y | F57: please ask | G57: IV-LOG-SUB-XP-3Y | H57: please ask | I57: IV-LOG-SUB-XP-4Y | J57: please ask | K57: IV-LOG-SUB-XP-5Y
A59: i-Vertix IT Asset Management | B59: =$B$8 -> 1 Year Subscription | D59: =$D$8 -> 2 Year Subscription | F59: =$F$8 -> 3 Year Subscription | H59: 4 Year Subscription | J59: 5 Year Subscription | L59: Cat
A60: =A9 -> Annual subscription - OPEX | B60: Price | C60: SKU | D60: Price | E60: SKU | F60: Price | G60: SKU | H60: Price | I60: SKU | J60: Price | K60: SKU
A61: =Perpetual!A60 -> i-Vertix Asset Management & Inventory S (1.000 IP) | B61: =ROUNDUP((Perpetual!B60+2*Perpetual!E60)*(1+'standard values'!$C$6)/3,0) -> 1166 | C61: IV-ITAM-S-OX-1Y | D61: =ROUNDUP(B61*2*(1-'standard values'!$C$7),0) -> 2263 | E61: IV-ITAM-S-OX-2Y | F61: =ROUNDUP(B61*3*(1-'standard values'!$C$8),0) -> 3324 | G61: IV-ITAM-S-OX-3Y | H61: =ROUNDUP(B61*4*(1-'standard values'!$C$9),0) -> 4291 | I61: IV-ITAM-S-OX-4Y | J61: =ROUNDUP(B61*5*(1-'standard values'!$C$10),0) -> 5131 | K61: IV-ITAM-S-OX-5Y | L61: C
A62: =Perpetual!A61 -> i-Vertix Asset Management & Inventory M (2.500 IP) | B62: =ROUNDUP((Perpetual!B61+2*Perpetual!E61)*(1+'standard values'!$C$6)/3,0) -> 2650 | C62: IV-ITAM-M-OX-1Y | D62: =ROUNDUP(B62*2*(1-'standard values'!$C$7),0) -> 5141 | E62: IV-ITAM-M-OX-2Y | F62: =ROUNDUP(B62*3*(1-'standard values'!$C$8),0) -> 7553 | G62: IV-ITAM-M-OX-3Y | H62: =ROUNDUP(B62*4*(1-'standard values'!$C$9),0) -> 9752 | I62: IV-ITAM-M-OX-4Y | J62: =ROUNDUP(B62*5*(1-'standard values'!$C$10),0) -> 11660 | K62: IV-ITAM-M-OX-5Y | L62: C
A63: =Perpetual!A62 -> i-Vertix Asset Management & Inventory L (5.000 IP) | B63: =ROUNDUP((Perpetual!B62+2*Perpetual!E62)*(1+'standard values'!$C$6)/3,0) -> 5035 | C63: IV-ITAM-L-OX-1Y | D63: =ROUNDUP(B63*2*(1-'standard values'!$C$7),0) -> 9768 | E63: IV-ITAM-L-OX-2Y | F63: =ROUNDUP(B63*3*(1-'standard values'!$C$8),0) -> 14350 | G63: IV-ITAM-L-OX-3Y | H63: =ROUNDUP(B63*4*(1-'standard values'!$C$9),0) -> 18529 | I63: IV-ITAM-L-OX-4Y | J63: =ROUNDUP(B63*5*(1-'standard values'!$C$10),0) -> 22154 | K63: IV-ITAM-L-OX-5Y | L63: C
A64: =Perpetual!A63 -> i-Vertix Asset Management & Inventory XL (10.000 IP) | B64: =ROUNDUP((Perpetual!B63+2*Perpetual!E63)*(1+'standard values'!$C$6)/3,0) -> 8744 | C64: IV-ITAM-XL-OX-1Y | D64: =ROUNDUP(B64*2*(1-'standard values'!$C$7),0) -> 16964 | E64: IV-ITAM-XL-OX-2Y | F64: =ROUNDUP(B64*3*(1-'standard values'!$C$8),0) -> 24921 | G64: IV-ITAM-XL-OX-3Y | H64: =ROUNDUP(B64*4*(1-'standard values'!$C$9),0) -> 32178 | I64: IV-ITAM-XL-OX-4Y | J64: =ROUNDUP(B64*5*(1-'standard values'!$C$10),0) -> 38474 | K64: IV-ITAM-XL-OX-5Y | L64: C
A65: =Perpetual!A64 -> i-Vertix Asset Management & Inventory additional 5.000 IP's | B65: =ROUNDUP((Perpetual!B64+2*Perpetual!E64)*(1+'standard values'!$C$6)/3,0) -> 3339 | C65: IV-ITAM-ADD-5k-OX-1Y | D65: =ROUNDUP(B65*2*(1-'standard values'!$C$7),0) -> 6478 | E65: IV-ITAM-ADD-5k-OX-2Y | F65: =ROUNDUP(B65*3*(1-'standard values'!$C$8),0) -> 9517 | G65: IV-ITAM-ADD-5k-OX-3Y | H65: =ROUNDUP(B65*4*(1-'standard values'!$C$9),0) -> 12288 | I65: IV-ITAM-ADD-5k-OX-4Y | J65: =ROUNDUP(B65*5*(1-'standard values'!$C$10),0) -> 14692 | K65: IV-ITAM-ADD-5k-OX-5Y | L65: C
A66: =Perpetual!A65 -> i-Vertix Asset Helpdesk - 1 User | B66: =ROUNDUP((Perpetual!B65+2*Perpetual!E65)*(1+'standard values'!$C$6)/3,0) -> 190 | C66: IV-ITAM-1U-OX-1Y | D66: =ROUNDUP(B66*2*(1-'standard values'!$C$7),0) -> 369 | E66: IV-ITAM-1U-OX-2Y | F66: =ROUNDUP(B66*3*(1-'standard values'!$C$8),0) -> 542 | G66: IV-ITAM-1U-OX-3Y | H66: =ROUNDUP(B66*4*(1-'standard values'!$C$9),0) -> 700 | I66: IV-ITAM-1U-OX-4Y | J66: =ROUNDUP(B66*5*(1-'standard values'!$C$10),0) -> 836 | K66: IV-ITAM-1U-OX-5Y | L66: C
A67: =Perpetual!A66 -> i-Vertix Asset Helpdesk - 5 User | B67: =ROUNDUP((Perpetual!B66+2*Perpetual!E66)*(1+'standard values'!$C$6)/3,0) -> 758 | C67: IV-ITAM-5U-OX-1Y | D67: =ROUNDUP(B67*2*(1-'standard values'!$C$7),0) -> 1471 | E67: IV-ITAM-5U-OX-2Y | F67: =ROUNDUP(B67*3*(1-'standard values'!$C$8),0) -> 2161 | G67: IV-ITAM-5U-OX-3Y | H67: =ROUNDUP(B67*4*(1-'standard values'!$C$9),0) -> 2790 | I67: IV-ITAM-5U-OX-4Y | J67: =ROUNDUP(B67*5*(1-'standard values'!$C$10),0) -> 3336 | K67: IV-ITAM-5U-OX-5Y | L67: C
A68: =Perpetual!A67 -> i-Vertix Asset Helpdesk - 10 User | B68: =ROUNDUP((Perpetual!B67+2*Perpetual!E67)*(1+'standard values'!$C$6)/3,0) -> 1325 | C68: IV-ITAM-10U-OX-1Y | D68: =ROUNDUP(B68*2*(1-'standard values'!$C$7),0) -> 2571 | E68: IV-ITAM-10U-OX-2Y | F68: =ROUNDUP(B68*3*(1-'standard values'!$C$8),0) -> 3777 | G68: IV-ITAM-10U-OX-3Y | H68: =ROUNDUP(B68*4*(1-'standard values'!$C$9),0) -> 4876 | I68: IV-ITAM-10U-OX-4Y | J68: =ROUNDUP(B68*5*(1-'standard values'!$C$10),0) -> 5830 | K68: IV-ITAM-10U-OX-5Y | L68: C
A70: =Perpetual!A69 -> * Prices may vary. Please contact us for the current price
A71: =Perpetual!A70 -> ** only in combination with i-Vertix IT Monitoring
A72: =Perpetual!A71 -> *** minimum 2 year commitment needed

Sheet Pay Per Use for MSP
B3: i-Vertix Network Management System
B4: =Perpetual!B4 -> Pricelist January 2026
A8: i-Vertix IT Monitoring + BI | B8: Price/month | C8: SKU | D8: Cat
A9: i-Vertix Pay Per Use for MSP
A10: i-Vertix Monitoring >= 500 Hosts | B10: 1.85 | C10: IV-MON-PS500-CL-MT | D10: F
A11: i-Vertix Monitoring >= 1.000 Hosts | B11: 1.59 | C11: IV-MON-PS1k-CL-MT | D11: F
A12: i-Vertix Monitoring >= 2.000 Hosts | B12: 1.45 | C12: IV-MON-PS2k-CL-MT | D12: F
A13: i-Vertix Monitoring >= 5.000 Hosts | B13: 1.3 | C13: IV-MON-PS5k-CL-MT | D13: F
A14: i-Vertix Monitoring >= 10.000 Hosts | B14: 1.1 | C14: IV-MON-PS10k-CL-MT | D14: F
A15: i-Vertix Monitoring >= 25.000 Hosts | B15: 0.89 | C15: IV-MON-PS25k-CL-MT | D15: F
A16: i-Vertix Monitoring Poller (Hardware Appliance NanoE2) <= 10 | B16: 45 | C16: IV-POL-P10-NANO-CL-MT | D16: F
A17: i-Vertix Monitoring Poller (Hardware Appliance NanoE2) <= 25 | B17: 42 | C17: IV-POL-P25-NANO-CL-MT | D17: F
A18: i-Vertix Monitoring Poller (Hardware Appliance Pro S3) <= 10 | B18: 120 | C18: IV-POL-P10-PROS3-CL-MT | D18: F
A19: i-Vertix Monitoring Poller (Hardware Appliance Pro S3) <= 25 | B19: 100 | C19: IV-POL-P25-PROS3-CL-MT | D19: F
A20: i-Vertix Remote Server (Virtual Appliance) | B20: 99 | C20: IV-REM-RS-VA-CL-MT | D20: F
A21: i-Vertix IT Monitoring Hosting | B21: 499 | C21: IV-HOST-VM1-CL-MT | D21: F
... A23: i-Vertix IT Monitoring Hosting additional 100GB SSD | B23: 39 | C23: IV-HOST-SSD100-CL-MT | D23: F
A25: Network configuration backup* | B25: Price/month | C25: SKU | D25: Cat
A26: i-Vertix Pay Per Use for MSP
A27: i-Vertix NCB <= 100 devices | B27: 1.05 | C27: IV-NCB-PS100-CL-MT | D27: F
A28: i-Vertix NCB <= 250 devices | B28: 0.85 | C28: IV-NCB-PS250-CL-MT | D28: F
A29: i-Vertix NCB <= 500 devices | B29: 0.8 | C29: IV-NCB-PS500-CL-MT | D29: F
A30: i-Vertix NCB <= 1.000 devices | B30: 0.7 | C30: IV-NCB-PS1000-CL-MT | D30: F
A31: i-Vertix NCB <= 2.000 devices | B31: 0.65 | C31: IV-NCB-PS2000-CL-MT | D31: F
A32: i-Vertix NCB <= 10.000 devices | B32: 0.5 | C32: IV-NCB-PS10000-CL-MT | D32: F
A34: i-Vertix Log&Data Management | B34: Price/month | C34: SKU | D34: Cat
A35: i-Vertix Pay Per Use for MSP
A36: i-Vertix Log&Data Data Node Standard Virtual Appliance | B36: 599 | C36: IV-LOG-1ILK-B-CL-MT | D36: F
A37: i-Vertix Log&Data Data Node Platinum Virtual Appliance (min. 3 Nodes) | B37: 1299 | C37: IV-LOG-1ILK-P-CL-MT | D37: F
A38: i-Vertix Log&Data Log Collector Virtual Appliance < 25 | B38: 49 | C38: IV-LOG-1ILC-CL-MT | D38: F
A39: i-Vertix Log&Data Log Collector Virtual Appliance < 50 | B39: 45 | C39: IV-LOG-25ILC-CL-MT | D39: F
A40: i-Vertix Log&Data Log Collector Virtual Appliance < 100 | B40: 39 | C40: IV-LOG-50ILC-CL-MT | D40: F
A41: i-Vertix Log&Data Log Collector Virtual Appliance >= 100 | B41: 35 | C41: IV-LOG-100ILC-CL-MT | D41: F
A42: i-Vertix Log&Data Log Collector NanoE2 < 25 | B42: =B38+45 -> 94 | C42: IV-LOG-1ILC-E2-CL-MT | D42: F
A43: i-Vertix Log&Data Log Collector NanoE2 < 50 | B43: =B39+42 -> 87 | C43: IV-LOG-25ILC-E2-CL-MT | D43: F
A45: i-Vertix IT Asset Management | B45: Price/month | C45: SKU | D45: Cat
A46: i-Vertix Pay Per Use for MSP
A47: i-Vertix IT Asset Management 1.000 - 2.499 IP's | B47: =3/12 -> 0.25 | C47: IV-ITAM-1K-MSP-MT | D47: F
A48: i-Vertix IT Asset Management 2.500 - 4.999 IP's | B48: =2.4/12 -> 0.2 | C48: IV-ITAM-2K-MSP-MT | D48: F
A49: i-Vertix IT Asset Management 5.000 - 9.999 IP's | B49: =1.9/12 -> 0.15833333 | C49: IV-ITAM-5K-MSP-MT | D49: F
A50: i-Vertix IT Asset Management additional 5.000 IP's | B50: =1.8/12 -> 0.15 | C50: IV-ITAM-5KADD-MSP-MT | D50: F
A52: i-Vertix Hosting | B52: Price | C52: SKU | D52: Cat
A53: Service fee's **
A54: Hosting VM - initial setup fee | B54: 999 | C54: IV-HOST-VM-1UP | D54: F
A55: i-Vertix Log&Data Hosting - 1 Host startup fee (una tantum) | B55: 3499 | C55: IV-LOG-HW-1UP | D55: F
A56: Hosting SSLVPN - initial setup fee (Pack 10) | B56: 349 | C56: IV-HOST-SSLVPN-10P | D56: F
A58: i-Vertix Hosting | B58: Price | C58: SKU | D58: Cat
A59: SLA's **
A60: Hosting 99,8% availability | B60: included
A61: Hosting 99,99% avalability | B61: please ask
A64: * only in combination with i-Vertix IT Monitoring
A65: ** physical server, Dual CPU 2,4GHz, 2x3TB SSD, 128GB RAM housing, cooling network, internet, 1 public IP firewall support NBD monitoring 24x7
A66: ** Hosting, VPN, Service fee's & SLA are applicable only in combination with i-Vertix Hosting services

Sheet i-Vertix Cloud
B3: i-Vertix Network Management System
B4: =Perpetual!B4 -> Pricelist January 2026
A10: i-Vertix IT Monitoring | C10: Price/month | D10: SKU | E10: Cat
A11: i-Vertix Cloud
A12: i-Vertix Monitoring Services: 1-99 | C12: 0.49 | D12: IV-MON-S99-CL-MT | E12: D
A13: i-Vertix Monitoring Services: 100-249 | C13: 0.44 | D13: IV-MON-S249-CL-MT | E13: D
A14: i-Vertix Monitoring Services: 250-499 | C14: 0.39 | D14: IV-MON-S499-CL-MT | E14: D
A15: i-Vertix Monitoring Services: 500-999 | C15: 0.29 | D15: IV-MON-S999-CL-MT | E15: D
A16: i-Vertix Monitoring Services: 1.000-1.999 | C16: 0.23 | D16: IV-MON-S1999-CL-MT | E16: D
A17: i-Vertix Monitoring Services: 2.000-4.999 | C17: 0.19 | D17: IV-MON-S2000-CL-MT | E17: D
A18: i-Vertix Monitoring Services: 5.000-10.000 | C18: 0.17 | D18: IV-MON-S5000-CL-MT | E18: D
A19: i-Vertix Monitoring Hosts: < 25 | C19: 5 | D19: IV-MON-H25-CL-MT | E19: D
A20: i-Vertix Monitoring Hosts: < 50 | C20: 4.5 | D20: IV-MON-H50-CL-MT | E20: D
A21: i-Vertix Monitoring Hosts: < 100 | C21: 4 | D21: IV-MON-H100-CL-MT | E21: D
A22: i-Vertix Monitoring Hosts: < 200 | C22: 3.5 | D22: IV-MON-H200-CL-MT | E22: D
A23: i-Vertix Monitoring Hosts: < 350 | C23: 3 | D23: IV-MON-H350-CL-MT | E23: D
... A34: i-Vertix Monitoring Poller (Virtual Appliance) | C34: 29 | D34: IV-POL-VA-CL-MT | E34: D
A35: i-Vertix Monitoring Poller (Hardware Appliance NanoE2) | C35: =C34+45 -> 74 | D35: IV-POL-NANO-CL-MT | E35: D
A36: i-Vertix Monitoring Poller (Hardware Appliance Pro S3) | C36: 149 | D36: IV-POL-PROS3-CL-MT | E36: D
A37: i-Vertix initial Setup fee Cloud | C37: 200 | D37: IV-MON-SETUP-CL | E37: D
A38: i-Vertix initial Setup fee Poller | C38: 200 | D38: IV-POL-SETUP-CL | E38: D
A39: i-Vertix SSL VPN Service | C39: 6 | D39: IV-VPN-CL | E39: D
A41: i-Vertix Network Configuration Backup | C41: Price/month | D41: SKU | E41: Cat
A42: i-Vertix Cloud
A43: i-Vertix NCB <= 25 devices | C43: 1.3 | D43: IV-NCB-25-CL-MT | E43: D
A44: i-Vertix NCB <= 50 devices | C44: 1.1 | D44: IV-NCB-50-CL-MT | E44: D
A45: i-Vertix NCB <= 100 devices | C45: 0.9 | D45: IV-NCB-100-CL-MT | E45: D
A46: i-Vertix NCB <= 250 devices | C46: 0.75 | D46: IV-NCB-250-CL-MT | E46: D
A47: i-Vertix NCB <= 1000 devices | C47: 0.7 | D47: IV-NCB-250-CL-MT | E47: D
A49: i-Vertix Log & Data Management | C49: Price per log source/month | D49: SKU | E49: Cat
A50: i-Vertix Cloud
A51: i-Vertix Access Log Management (6 months) ** | C51: 4.8 | D51: IV-LOG-ACCESS-CL-6M-MT | E51: C1
A52: i-Vertix Access Log Management (12 months) ** | C52: 5.8 | D52: IV-LOG-ACCESS-CL-12M-MT | E52: C1
A53: i-Vertix Access Log Management (18 months) ** | C53: 6.6 | D53: IV-LOG-ACCESS-CL-18M-MT | E53: C1
A54: i-Vertix Access Log Management (24 months) ** | C54: 7.3 | D54: IV-LOG-ACCESS-CL-24M-MT | E54: C1
A56: i-Vertix IT Asset Management | C56: Price/month | D56: SKU | E56: Cat
A57: i-Vertix Cloud
A58: i-Vertix Asset Management & Inventory <250 IP | C58: 99 | D58: IV-ITAM-A249-CL-MT | E58: D
A59: i-Vertix Asset Management & Inventory <1.000 IP | C59: 229 | D59: IV-ITAM-A999-CL-MT | E59: D
A60: i-Vertix Asset Management & Inventory <2.500 IP | C60: 349 | D60: IV-ITAM-A2499-CL-MT | E60: D
A61: i-Vertix Asset Management & Inventory <5.000 IP | C61: 549 | D61: IV-ITAM-A4999-CL-MT | E61: D
A62: i-Vertix Asset Management & Inventory <10.000 IP | C62: 949 | D62: IV-ITAM-A9999-CL-MT | E62: D
A63: i-Vertix Asset Management & Inventory additional 5.000 IP | C63: 389 | D63: IV-ITAM-ADD5000-CL-MT | E63: D
A64: i-Vertix Asset Management & Inventory Admin User | C64: 25 | D64: IV-ITAM-UADM-CL-MT | E64: D
A65: i-Vertix Asset Management & Inventory ITAM User | C65: 15.9 | D65: IV-ITAM-UITAM-CL-MT | E65: D
A66: i-Vertix Asset Management & Inventory Helpdesk User | C66: 15.9 | D66: IV-ITAM-UHELP-CL-MT | E66: D
A67: i-Vertix initial Setup fee Cloud | C67: 400 | D67: IV-ITAM-SETUP-CL | E67: D
A70: * only in combination with i-Vertix IT Monitoring
A71: ** minimum 5 Hosts per customer

Sheet Professional Services IT
B3: i-Vertix Services
B4: =Perpetual!B4 -> Pricelist January 2026
A10: Notes
A11: Supporto Onsite – The price does not include the travel, board and lodging costs
A12: Supporto Remoto – Minimum package purchasable 10 hours
A15: Professional Services | B15: Price | C15: SKU | D15: Cat
A17: i-Vertix Professional Service remote - 1 hour | B17: =B18/8 -> 150 | C17: IV-PS-RE-1H | D17: E
A18: i-Vertix Professional Service remote - 1 day | B18: 1200 | C18: IV-PS-ON-1D | D18: E

Sheet Professional Services EMEA
B3: i-Vertix Services
B4: =Perpetual!B4 -> Pricelist January 2026
A10: Notes
A11: Supporto Onsite – The price does not include the travel, board and lodging costs
A12: Supporto Remoto – Minimum package purchasable 10 hours
A15: Professional Services | B15: Price | C15: SKU | D15: Cat
A17: i-Vertix Professional Service remote - 1 hour | B17: =B18/8 -> 200 | C17: IV-PS-RE-1H-EMEA | D17: E
A18: i-Vertix Professional Service remote - 1 day | B18: 1600 | C18: IV-PS-ON-1D-EMEA | D18: E

Sheet Professional Services CH
B3: i-Vertix Services
B4: =Perpetual!B4 -> Pricelist January 2026
A10: Notes
A11: Supporto Onsite – The price does not include the travel, board and lodging costs
A12: Supporto Remoto – Minimum package purchasable 10 hours
A15: Professional Services | B15: Price | C15: SKU | D15: Cat
A17: i-Vertix Professional Service remote - 1 hour | B17: =B18/8 -> 200 | C17: IV-PS-RE-1H-CHF | D17: E
A18: i-Vertix Professional Service remote - 1 day | B18: 1600 | C18: IV-PS-ON-1D-CHF | D18: E

Sheet Discount table
C3: i-Vertix Discounts
C4: =Perpetual!B4 -> Pricelist January 2026
H10: Category C1 | J10: 0.1
A11: Category | B11: Active | C11: Silver | D11: Gold | E11: Distributor | H11: No Hosts | I11: Reseller | J11: Distributor
A12: A | B12: 0.15 | C12: 0.2 | D12: 0.35 | E12: 0.5 | H12: 1-199 | I12: 0.15 | J12: =((4.8*(1-Table3[[#This Row],[Reseller]])*0.9)-4.8)/4.8*-1 -> 0.235
A13: B | B13: 0 | C13: 0.05 | D13: 0.1 | E13: 0.2 | H13: 200-499 | I13: 0.2 | J13: =((4.8*(1-Table3[[#This Row],[Reseller]])*0.9)-4.8)/4.8*-1 -> 0.28
A14: C | B14: 0.1 | C14: 0.2 | D14: 0.3 | E14: 0.4 | H14: 500-999 | I14: 0.25 | J14: =((4.8*(1-Table3[[#This Row],[Reseller]])*0.9)-4.8)/4.8*-1 -> 0.325
A15: D | B15: 0 | C15: 0.05 | D15: 0.1 | E15: 0.15 | H15: 1000 - 1499 | I15: 0.3 | J15: =((4.8*(1-Table3[[#This Row],[Reseller]])*0.9)-4.8)/4.8*-1 -> 0.37
A16: E | B16: 0.1 | C16: 0.15 | D16: 0.2 | E16: 0.3 | H16: 1500 - 5000 | I16: 0.35 | J16: =((4.8*(1-Table3[[#This Row],[Reseller]])*0.9)-4.8)/4.8*-1 -> 0.415
A17: F | B17: 0 | C17: 0.05 | D17: 0.1 | E17: 0.2

Sheet standard values
A1: ID | B1: Description | C1: Value
A2: C-M | B2: Capex Maintenance perc | C2: 0.2
A3: C-M2-DISC | B3: Capex Maintenance 2y disc | C3: 0.05
A4: C-M3-DISC | B4: Capex Maintenance 3y disc | C4: 0.08
A5: C-M4-DISC | B5: Capex Maintenance 4y disc | C5: 0.12
A6: O-1Y-SUR | B6: Opex 1Y surcharge | C6: 0.05
A7: O-M2-DISC | B7: Opex Maintenance 2y disc | C7: 0.03
A8: O-M3-DISC | B8: Opex Maintenance 3y disc | C8: 0.05
A9: O-M4-DISC | B9: Opex Maintenance 4y disc | C9: 0.08
A10: O-M5-DISC | B10: Opex Maintenance 5y disc | C10: 0.12
A11: C-BI-FACTOR | B11: Capex BI factor | C11: 0.2
A12: O-BI-FACTOR | B12: Opex BI factor | C12: 0.2
